 Dungeon Sprint DCSS version 0.18-a0-1147-g8e8348b (webtiles) character file.

79680 nuthulu the Impregnable (level 15, -26/160 HPs)
             Began as a Minotaur Berserker on Jan 22, 2016.
             Was the Champion of Trog.
             Annihilated by an Ice Fiend (38 damage)
             ... in the Dungeon (Sprint V: "Ziggurat Sprint").
             The game lasted 00:15:17 (2358 turns).

nuthulu the Impregnable (Minotaur Berserker)        Turns: 2358, Time: 00:15:17

Health: -26/160    AC: 40    Str: 30    XL:     15   Next: 21%
Magic:  14/14      EV: 25    Int: 10    God:    Trog [******]
Gold:   0          SH: 42    Dex: 27    Spells: 0 memorised, 14 levels left

rFire  + + .     SeeInvis +     H - +14 obsidian axe {chop, +Fly Str+3 SInv *Curse} (curse)
rCold  . . .     Gourm    .     I - +15 Maxwell's patent armour {-Cast -Tele rElec MR+ rCorr}
rNeg   + . .     Faith    .     J - +18 shield of the gong {rElec rN+ MR+ EV-5}
rPois  .         Spirit   .     M - +2 hat
rElec  +         Dismiss  .     (no cloak)
rCorr  +         Reflect  +     U - +1 pair of gloves of the Vestibule of Hell {rF++ Int+4}
SustAt .         Harm     .     (no boots)
MR     +++++     NoTele   +     b - amulet "Pustrox" {Reflect rElec Str+2 Int+2 SH+5}
Stlth  .......... NoCast   +    B - +6 ring of dexterity
                                C - +6 ring of dexterity

@: mesmerised, regenerating, almost entirely resistant to hostile enchantments,
extremely unstealthy
A: retaliatory headbutt, horns 2, strong 1, evolution 1, no device heal 1
a: Berserk, Trog's Hand, Brothers in Arms, Burn Spellbooks, Renounce Religion,
Evoke Flight


You were in the Dungeon.
You worshipped Trog.
Trog was exalted by your worship.
You were not hungry.

You visited 1 branch

Inventory:

Hand Weapons
 H - the cursed +14 obsidian axe (weapon) {chop, +Fly Str+3 SInv *Curse}
   (You found it in the Dungeon)

   It inflicts extra damage upon your enemies.
   It affects your strength (+3).
   It lets you see invisible.
   It lets you fly.
   It may re-curse itself when equipped.
   It has a curse placed upon it.
Armour
 I - the +15 Maxwell's patent armour (worn) {-Cast -Tele rElec MR+ rCorr}
   (You found it in the Dungeon)

   It insulates you from electricity.
   It affects your resistance to hostile enchantments.
   It prevents spellcasting.
   It prevents most forms of teleportation.
   It protects you from acid and corrosion.
 J - the +18 shield of the gong (worn) {rElec rN+ MR+ EV-5}
   (You found it in the Dungeon)

   It affects your evasion (-5).
   It insulates you from electricity.
   It protects you from negative energy.
   It affects your resistance to hostile enchantments.
 M - a +2 hat (worn)
 P - the +5 shield of the Hills {Dex+4, unknown}
   (You acquired it in the Dungeon)

   It affects your dexterity (+4).
 T - a +1 pair of gloves of dexterity
 U - the +1 pair of gloves of the Vestibule of Hell (worn) {rF++ Int+4}
   (You found it in the Dungeon)

   It affects your intelligence (+4).
   It greatly protects you from fire.
Rods
 R - a +6 rod of ignition (10/10)
   (You found it in the Dungeon)
Jewellery
 a - a +3 ring of protection
 b - the amulet "Pustrox" (around neck) {Reflect rElec Str+2 Int+2 SH+5}
   (You found it in the Dungeon)

   [amulet of reflection]

   It shields you and reflects attacks.
   It affects your strength (+2).
   It affects your intelligence (+2).
   It insulates you from electricity.
   It affects your SH (+5).
 m - the ring "Sanulach" {+Fly MR+ Slay+3}
   (You found it in the Dungeon)

   [ring of flight]

   It affects your accuracy and damage with ranged weapons and melee attacks
   (+3).
   It affects your resistance to hostile enchantments.
   It lets you fly.
 t - the ring of Beceladi {+Fly rN+}
   (You found it in the Dungeon)

   [ring of flight]

   It protects you from negative energy.
   It lets you fly.
 B - a +6 ring of dexterity (right hand)
 C - a +6 ring of dexterity (left hand)
 D - a +6 ring of intelligence
 E - a +6 ring of intelligence
 F - a +6 ring of strength
 G - a +6 ring of strength
 K - the amulet "Heoq" {rPois Regen+ Str-2 Int+5 Dex-3}
   (You found it in the Dungeon)

   [amulet of regeneration]

   It affects your strength (-2).
   It affects your intelligence (+5).
   It affects your dexterity (-3).
   It protects you from poison.
   It increases your rate of regeneration.
 N - an uncursed ring of fire
 Q - the amulet of Wiomm {Reflect Str+3 SH+3}
   (You found it in the Dungeon)

   [amulet of reflection]

   It shields you and reflects attacks.
   It affects your strength (+3).
   It affects your SH (+3).
 S - an uncursed ring of protection from magic
 V - the amulet "Yhobamnu" {Gourm Dex+4}
   (You found it in the Dungeon)

   [amulet of the gourmand]

   It allows you to eat raw meat even when not hungry.
   It affects your dexterity (+4).
Wands
 x - a wand of disintegration (7/24)
 y - a wand of fire (5/15)
 z - a wand of cold (5/15)
 A - a wand of draining (5/15)
Scrolls
 i - 4 scrolls of blinking
 r - 3 scrolls of recharging
 s - 7 scrolls of fog
 u - 5 scrolls of identify
 v - 5 scrolls of remove curse
 w - 2 scrolls of fear
 O - 3 scrolls of brand weapon
Potions
 d - 8 potions of curing
 e - 8 potions of heal wounds
 f - 6 potions of haste
 g - 7 potions of magic
 h - 3 potions of berserk rage
 j - 2 potions of brilliance
 k - 2 potions of invisibility
 l - 4 potions of resistance
 n - 7 potions of agility
 o - 6 potions of might
 L - a potion of mutation {unknown}
Comestibles
 c - 5 bread rations
 p - 42 fruits
 q - 3 meat rations


   Skills:
 + Level 21.6 Fighting
 + Level 21.6 Axes
 - Level 23.4 Armour
 - Level 21.8 Dodging
 - Level 23.3 Shields


You had 14 spell levels left.
You didn't know any spells.

Dungeon Overview and Level Annotations

Branches:
Dungeon (1/1)

Altars:
Ashenzari
Cheibriados
Dithmenos
Elyvilon
Fedhas
Gozag
Kikubaaqudgha
Makhleb
Nemelex Xobeh
Okawaru
Pakellas
Qazlal
Ru
Sif Muna
Trog
Vehumet
Xom
Yredelemnul
Zin
The Shining One
Beogh
Jiyva
Lugonu


Innate Abilities, Weirdness & Mutations

You reflexively headbutt those who attack you in melee.
You have a pair of horns on your head.
Your muscles are strong. (Str +2)
You evolve.
Potions and wands are less effective at restoring your health.


Message History

You block the freezing wraith's attack.
GONNNNG!
Your iron troll bites the ball python simulacrum!!!
The ball python simulacrum vapourises!
The freezing wraith completely misses you.
You block the freezing wraith's attack.
PTOANNNG!
Unknown command.
Unknown command.
Drink which item? (? for menu, Esc to quit)
You feel much better.
Visions of slaying the ice devil flood into your mind.
Your sun demon barely misses the ice devil.
You block the giant cockroach simulacrum's attack.
GONNNNG!
Your orange demon stings the Ice Fiend but does no damage.
The Ice Fiend claws you!
* * * LOW HITPOINT WARNING * * *
The Ice Fiend freezes you!!!
You die...

▓.........
.::)||))[):)..▓.........
..))))|[\)|?:..▓....).[..
....[[))=}}....▓....))|).
...............▓..▓......
.......ZZ......▓.▓▓▓.....
.....4C4DYZ....▓..▓......
......Z1WW5....▓.........
.......4@Z§....▓.........
......34T4.....▓▓▓▓▓▓▓▓▓▓
...▓....§..▓...▓ .
▓▓.....▓▓ ..▓
...▓.......▓...▓
...............
...............
▓▓▓▓▓▓▓▓▓▓▓▓▓▓▓


You could see a frost giant, an Ice Fiend, an ice dragon, 4 ice devils, 2
freezing wraiths, an ice beast, a white imp, a bat simulacrum, 2 adder
simulacra, 2 giant cockroach simulacra, a friendly iron troll (berserk), a
friendly sun demon and a friendly orange demon.

Vanquished Creatures
  An ancient lich (D)
  A greater mummy (D)
  Norris (D)
  A lich (D)
  A deep elf master archer (D)
  A deep elf blademaster (D)
  2 acid blobs (D)
  3 tentacled starspawn (D)
  An azure jelly (D)
  A daeva (D)
  2 frost giants (D)
  Wiglaf (D)
  2 deep elf sorcerers (D)
  A very ugly thing (D)
  An ironheart preserver (D)
  An ophan (D)
  A vampire knight (D)
  2 death oozes (D)
  A mummy priest (D)
  Josephine (D)
  A great orb of eyes (D)
  A centaur warrior (D)
  An ice dragon (D)
  A vampire mage (D)
  3 thrashing horrors (D)
  2 death scarabs (D)
  A death drake (shapeshifter) (D)
  A cherub (D)
  A spriggan druid (D)
  A deep elf archer (D)
  2 necromancers (D)
  2 anubis guards (D)
  An ugly thing (D)
  A hornet (D)
  3 deep elf magi (D)
  A shining eye (D)
  A manticore (D)
  2 smoke demons (D)
  An elephant (shapeshifter) (D)
  A vault sentinel (D)
  An eye of devastation (D)
  4 black mambas (D)
  An orange demon (D)
  A torpor snail (shapeshifter) (D)
  An eye of devastation (shapeshifter) (D)
  A hellion (D)
  A yaktaur (D)
  6 guardian mummies (D)
  2 ancient zymes (D)
  4 jumping spiders (D)
  Grinder (D)
  A boulder beetle (shapeshifter) (D)
  A slime creature (D)
  A snapping turtle (D)
  3 shadows (D)
  3 flying skulls (D)
  A redback (shapeshifter) (D)
  6 spriggans (D)
  A water elemental (D)
  2 yaks (D)
  2 neqoxecs (D)
  11 wolves (D)
  A fire elemental (D)
  A small abomination (D)
  2 nagas (D)
  A water moccasin (D)
  2 porcupines (D)
  4 ice beasts (D)
  2 black bears (D)
  A wasp (D)
  2 necrophages (D)
  2 crocodiles (D)
  An earth elemental (D)
  A scorpion (D)
  3 wights (D)
  2 orc priests (D)
  A jelly (D)
  4 iron imps (D)
  3 iguanas (D)
  2 sheep (D)
  3 mummies (D)
  3 adders (D)
  2 shadow imps (D)
  4 white imps (D)
  4 ufetubi (D)
  An adder skeleton (D)
  2 bat simulacra (D)
  A bat skeleton (D)
  2 jackals (D)
  6 ball pythons (D)
  A giant gecko skeleton (D)
  A giant gecko zombie (D)
  A jackal zombie (D)
  7 starspawn tentacles (D)
182 creatures vanquished.

Vanquished Creatures (collateral kills)
  Gastronok (D)
  2 daevas (D)
  A frost giant (D)
  A deep elf sorcerer (D)
  An apis (D)
  3 deep elf annihilators (D)
  A deep elf demonologist (D)
  A blizzard demon (D)
  A vault guard (D)
  A deep elf high priest (D)
  A centaur warrior (D)
  Sonja (D)
  2 cherubim (D)
  A deep elf archer (D)
  2 shining eyes (D)
  3 deep elf magi (D)
  A moth of wrath (shapeshifter) (D)
  An apocalypse crab (D)
  An eye of devastation (D)
  A smoke demon (D)
  A yaktaur (D)
  A guardian mummy (D)
  A polar bear (D)
  A slime creature (D)
  A ynoxinul (D)
  A fire elemental (D)
  Menkaure (D)
  Edmund (D)
  An eye of draining (D)
  Purgy (D)
  Blork the orc (D)
  A small abomination (D)
  An earth elemental (D)
  Crazy Yiuf (D)
  Terence (D)
  An ooze (D)
  A ball python simulacrum (D)
  A ball python skeleton (D)
  A giant gecko zombie (D)
46 creatures vanquished.

Vanquished Creatures (others)
  2 deep elf master archers (D)
  A centaur warrior (D)
  A chaos spawn (D)
  A lurking horror (D)
  5 starspawn tentacles (D)
  159 starspawn tentacle segments (D)
169 creatures vanquished.

Grand Total: 397 creatures vanquished

Notes
Turn   | Place    | Note
--------------------------------------------------------------
     0 | D        | nuthulu the Minotaur Berserker began the quest for the Orb.
     0 | D        | Reached XP level 1. HP: 19/19 MP: 0/0
     0 | D        | Found a roughly hewn altar of Beogh.
     0 | D        | Found a viscous altar of Jiyva.
     0 | D        | Found a corrupted altar of Lugonu.
     0 | D        | Found a white marble altar of Elyvilon.
     0 | D        | Found a sparkling altar of Nemelex Xobeh.
     0 | D        | Found a burning altar of Makhleb.
     0 | D        | Found an iron altar of Okawaru.
     0 | D        | Found a deep blue altar of Sif Muna.
     0 | D        | Found a radiant altar of Vehumet.
     0 | D        | Found a bloodstained altar of Trog.
     0 | D        | Found a shimmering altar of Xom.
    63 | D        | Reached skill level 7 in Fighting
    63 | D        | Reached XP level 2. HP: 24/34 MP: 1/1
   149 | D        | Entered arena 1.
   153 | D        | Reached XP level 3. HP: 25/40 MP: 2/2
   153 | D        | Reached ** piety under Trog
   153 | D        | Reached skill level 8 in Fighting
   264 | D        | Entered arena 2.
   264 | D        | Noticed a spriggan
   264 | D        | Noticed a wolf
   264 | D        | Noticed a spriggan
   269 | D        | Killed a spriggan
   269 | D        | Reached skill level 9 in Fighting
   269 | D        | Reached skill level 5 in Dodging
   269 | D        | Reached XP level 4. HP: 50/50 MP: 3/3
   269 | D        | Reached XP level 5. HP: 57/57 MP: 4/4
   269 | D        | Killed a wolf
   269 | D        | Reached skill level 10 in Fighting
   269 | D        | Reached skill level 10 in Axes
   269 | D        | Reached XP level 6. HP: 66/66 MP: 5/5
   272 | D        | Killed a spriggan
   278 | D        | Identified the Tome of Gliding Good Luck
   282 | D        | Reached *** piety under Trog
   301 | D        | Entered arena 3.
   301 | D        | Noticed a wolf
   301 | D        | Noticed a yak
   304 | D        | Killed a wolf
   304 | D        | Reached skill level 11 in Fighting
   304 | D        | Reached XP level 7. HP: 72/74 MP: 6/6
   305 | D        | Reached **** piety under Trog
   307 | D        | Killed a yak
   307 | D        | Received a gift from Trog
   314 | D        | Identified the Grimoire of Dark Rituals
   317 | D        | Reached ***** piety under Trog
   325 | D        | Entered arena 4.
   335 | D        | Entered arena 5.
   335 | D        | Noticed a jumping spider
   335 | D        | Noticed a jumping spider
   335 | D        | Noticed a jumping spider
   335 | D        | Noticed a jumping spider
   337 | D        | Killed a jumping spider
   337 | D        | Reached skill level 10 in Armour
   337 | D        | Reached XP level 8. HP: 81/83 MP: 7/7
   339 | D        | Killed a jumping spider
   339 | D        | Reached skill level 12 in Fighting
   339 | D        | Killed a jumping spider
   339 | D        | Received a gift from Trog
   340 | D        | Reached skill level 10 in Dodging
   345 | D        | Noticed a sixfirhy
   349 | D        | Killed a jumping spider
   360 | D        | Entered arena 6.
   364 | D        | Reached ****** piety under Trog
   364 | D        | Reached skill level 13 in Fighting
   364 | D        | Reached XP level 9. HP: 90/93 MP: 8/8
   365 | D        | Received a gift from Trog
   376 | D        | Entered arena 7.
   376 | D        | Noticed a spriggan druid
   383 | D        | Killed a spriggan druid
   383 | D        | Reached skill level 14 in Fighting
   394 | D        | Entered arena 8.
   397 | D        | Received a gift from Trog
   407 | D        | Got the amulet "Pustrox" {Reflect rElec Str+2 Int+2 SH+5}
   413 | D        | Received a gift from Trog
   419 | D        | Entered arena 9.
   419 | D        | Noticed a yaktaur
   419 | D        | Noticed a yaktaur
   419 | D        | Noticed a centaur warrior
   419 | D        | Noticed an ironheart preserver
   419 | D        | Noticed a centaur warrior
   419 | D        | Noticed a vault sentinel
   419 | D        | Noticed a centaur warrior
   419 | D        | Noticed a vault guard
   425 | D        | Killed a vault sentinel
   425 | D        | Received a gift from Trog
   425 | D        | Reached skill level 15 in Fighting
   425 | D        | Reached skill level 15 in Axes
   426 | D        | Killed a vault guard
   426 | D        | Reached XP level 10. HP: 89/107 MP: 9/9
   428 | D        | Killed an ironheart preserver
   428 | D        | Reached skill level 16 in Fighting
   428 | D        | Killed a centaur warrior
   428 | D        | Reached skill level 17 in Fighting
   428 | D        | Killed a centaur warrior
   428 | D        | Killed a centaur warrior
   430 | D        | Reached skill level 18 in Fighting
   434 | D        | Received a gift from Trog
   506 | D        | Entered arena 10.
   506 | D        | Noticed a hornet
   506 | D        | Noticed a spriggan rider
   506 | D        | Noticed a manticore
   510 | D        | Reached skill level 1 in Shields
   511 | D        | Reached XP level 11. HP: 74/119 MP: 10/10
   512 | D        | Received a gift from Trog
   513 | D        | Reached skill level 5 in Shields
   516 | D        | Killed a spriggan rider
   678 | D        | Entered arena 11.
   678 | D        | Noticed a cherub
   678 | D        | Noticed a daeva
   678 | D        | Noticed an apis
   679 | D        | Noticed an ophan
   679 | D        | Noticed a daeva
   679 | D        | Noticed a cherub
   679 | D        | Noticed a cherub
   679 | D        | Noticed a daeva
   683 | D        | Killed an apis
   683 | D        | Received a gift from Trog
   689 | D        | Killed a daeva
   689 | D        | Received a gift from Trog
   689 | D        | Killed an ophan
   692 | D        | Killed a cherub
   692 | D        | Killed a cherub
   696 | D        | Killed a cherub
   697 | D        | Killed a daeva
   697 | D        | Reached skill level 15 in Armour
   697 | D        | Reached skill level 10 in Shields
   698 | D        | Killed a daeva
   698 | D        | Received a gift from Trog
  1040 | D        | Entered arena 12.
  1044 | D        | Received a gift from Trog
  1044 | D        | Reached XP level 12. HP: 127/127 MP: 11/11
  1049 | D        | Received a gift from Trog
  1050 | D        | Received a gift from Trog
  1051 | D        | Reached skill level 15 in Dodging
  1063 | D        | Got the ring "Sanulach" {+Fly MR+ Slay+3}
  1068 | D        | Entered arena 13.
  1070 | D        | Noticed a purple very ugly thing
  1074 | D        | Noticed an ice dragon
  1074 | D        | a slime creature changed into an ice dragon
  1075 | D        | Received a gift from Trog
  1081 | D        | an ice dragon changed into a wolf spider
  1082 | D        | Gained mutation: Your muscles are strong. (Str +2) [a shining eye]
  1084 | D        | Killed a purple very ugly thing
  1085 | D        | Received a gift from Trog
  1093 | D        | Received a gift from Trog
  1096 | D        | Got the amulet "Heoq" {rPois Regen+ Str-2 Int+5 Dex-3}
  1098 | D        | Entered arena 14.
  1099 | D        | Noticed an azure jelly
  1099 | D        | Noticed a death ooze
  1099 | D        | Noticed a great orb of eyes
  1099 | D        | Gained mutation: You evolve. [a shining eye]
  1100 | D        | Noticed an acid blob
  1100 | D        | Noticed a death ooze
  1100 | D        | Noticed an acid blob
  1105 | D        | Killed a death ooze
  1108 | D        | Killed an azure jelly
  1110 | D        | Killed an acid blob
  1111 | D        | Killed a death ooze
  1111 | D        | Reached skill level 15 in Shields
  1111 | D        | Killed a great orb of eyes
  1111 | D        | Received a gift from Trog
  1112 | D        | Killed an acid blob
  1112 | D        | Reached XP level 13. HP: 108/134 MP: 12/12
  1115 | D        | Reached skill level 19 in Armour
  1122 | D        | Identified the Catalogue of Necromancy and Enhancements
  1125 | D        | Received a gift from Trog
  1133 | D        | Entered arena 15.
  1134 | D        | Noticed Norris
  1134 | D        | Noticed Blork the orc
  1134 | D        | Noticed Purgy
  1134 | D        | Noticed Crazy Yiuf
  1134 | D        | Noticed Josephine
  1135 | D        | Noticed Grinder
  1135 | D        | Noticed Gastronok
  1135 | D        | Noticed Edmund
  1135 | D        | Noticed Sonja
  1135 | D        | Noticed Menkaure
  1135 | D        | Noticed Terence
  1135 | D        | Noticed Wiglaf
  1139 | D        | Killed Crazy Yiuf
  1140 | D        | Killed Sonja
  1142 | D        | Killed Josephine
  1143 | D        | Killed Terence
  1143 | D        | Killed Blork the orc
  1144 | D        | Killed Purgy
  1145 | D        | Killed Edmund
  1145 | D        | Received a gift from Trog
  1148 | D        | Killed Wiglaf
  1148 | D        | Killed Grinder
  1149 | D        | Killed Menkaure
  1151 | D        | Killed Gastronok
  1158 | D        | Killed Norris
  1158 | D        | Received a gift from Trog
  1187 | D        | Received a gift from Trog
  1417 | D        | Entered arena 16.
  1421 | D        | Noticed a tentacled starspawn
  1430 | D        | Reached skill level 20 in Armour
  1434 | D        | Killed a tentacled starspawn
  1449 | D        | Got a crude shield
  1455 | D        | Got the amulet of Wiomm {Reflect Str+3 SH+3}
  1463 | D        | Received a gift from Trog
  1578 | D        | Entered arena 17.
  1578 | D        | Noticed a vampire knight
  1583 | D        | Noticed an ancient lich
  1585 | D        | Killed a vampire knight
  1585 | D        | Received a gift from Trog
  1586 | D        | Noticed a lich
  1589 | D        | Noticed an Ice Fiend
  1592 | D        | Noticed a reaper
  1594 | D        | Killed an ancient lich
  1594 | D        | Reached skill level 21 in Armour
  1601 | D        | Noticed an Executioner
  1601 | D        | Killed a lich
  1601 | D        | Reached XP level 14. HP: 45/143 MP: 13/13
  1609 | D        | Received a gift from Trog
  1814 | D        | Entered arena 18.
  1817 | D        | Noticed a greater mummy
  1825 | D        | Reached skill level 22 in Armour
  1833 | D        | Received a gift from Trog
  1837 | D        | Killed a greater mummy
  1837 | D        | Noticed a reaper
  1882 | D        | Got the ring of Beceladi {+Fly rN+}
  1889 | D        | Received a gift from Trog
  2016 | D        | Entered arena 19.
  2021 | D        | Noticed a tentacled starspawn
  2021 | D        | Noticed a tentacled starspawn
  2031 | D        | Received a gift from Trog
  2032 | D        | Killed a tentacled starspawn
  2032 | D        | Reached skill level 23 in Armour
  2036 | D        | Gained mutation: Potions and wands are less effective at restoring your health. [a neqoxec]
  2038 | D        | Killed a tentacled starspawn
  2038 | D        | Received a gift from Trog
  2044 | D        | Received a gift from Trog
  2068 | D        | Entered arena 20.
  2106 | D        | Noticed a deep elf sorcerer
  2107 | D        | Noticed a deep elf sorcerer
  2107 | D        | Noticed a deep elf master archer
  2107 | D        | Noticed a deep elf sorcerer
  2107 | D        | Noticed a deep elf master archer
  2108 | D        | Noticed a deep elf blademaster
  2110 | D        | Noticed a deep elf master archer
  2116 | D        | Killed a deep elf sorcerer
  2118 | D        | Killed a deep elf blademaster
  2118 | D        | Received a gift from Trog
  2118 | D        | Killed a deep elf sorcerer
  2122 | D        | Noticed a Hell Sentinel
  2122 | D        | Killed a deep elf master archer
  2122 | D        | Received a gift from Trog
  2122 | D        | Killed a deep elf sorcerer
  2127 | D        | Killed a deep elf master archer
  2130 | D        | Killed a deep elf master archer
  2130 | D        | Reached XP level 15. HP: 49/156 MP: 11/14
  2131 | D        | Received a gift from Trog
  2136 | D        | Received a gift from Trog
  2145 | D        | Received a gift from Trog
  2152 | D        | Got the +1 pair of gloves of the Vestibule of Hell {rF++ Int+4}
  2164 | D        | Got the amulet "Yhobamnu" {Gourm Dex+4}
  2337 | D        | Entered arena 21.
  2341 | D        | Noticed a frost giant
  2342 | D        | Noticed a frost giant
  2342 | D        | Noticed a frost giant
  2342 | D        | Noticed an Ice Fiend
  2342 | D        | Noticed a frost giant
  2349 | D        | Received a gift from Trog
  2353 | D        | Killed a frost giant
  2355 | D        | Received a gift from Trog
  2356 | D        | Killed a frost giant
  2356 | D        | Received a gift from Trog
  2357 | D        | Killed a frost giant
  2358 | D        | Annihilated by an Ice Fiend

Vault maps used:
D:        sprint_v

Action                   |  1- 3 |  4- 6 |  7- 9 | 10-12 | 13-15 || total
-------------------------+-------+-------+-------+-------+-------++-------
Melee: Broad axe         |     7 |     3 |    38 |    65 |   116 ||   229
Invok: Berserk           |     1 |       |       |       |     1 ||     2
       Burn Spellbooks   |       |     1 |     3 |     3 |     7 ||    14
       Brothers in Arms  |       |       |     2 |     4 |    11 ||    17
       Trog's Hand       |       |       |       |     1 |     8 ||     9
  Use: Potion            |     1 |       |       |     1 |     3 ||     5
       Scroll            |       |       |       |       |     2 ||     2
 Stab: Distracted        |       |       |       |     1 |     5 ||     6
  Eat: Meat ration       |       |       |       |     1 |       ||     1
       Royal jelly       |       |       |       |       |     3 ||     3
